 Dungeon Crawl Stone Soup version 0.23-a0-577-g2b1de94 (webtiles) character file.

863 AverageBear the Covered (level 7, 34/61 HPs)
             Began as a Deep Dwarf Fighter on Dec 15, 2018.
             Quit the game on level 5 of the Dungeon.
             The game lasted 00:06:57 (3020 turns).

AverageBear the Covered (Deep Dwarf Fighter)        Turns: 3020, Time: 00:06:58

Health: 34/61      AC: 14    Str: 22      XL:     7   Next: 72%
Magic:  5/5        EV:  7    Int:  7 (8)  God:
Gold:   277        SH:  9    Dex: 10      Spells: 6/6 levels left

rFire    . . .     SeeInvis .   a - +0 war axe
rCold    . . .     Gourm    .   c - +0 shield
rNeg     . . .     Faith    .   s - +1 chain mail
rPois    .         Spirit   .   (helmet restricted)
rElec    .         Reflect  .   z - +0 cloak
rCorr    .         Harm     .   e - +0 pair of gloves
MR       +....                  (no boots)
Stlth    ..........             (no amulet)
HPRegen  0.00/turn              (no ring)
MPRegen  0.09/turn              (no ring)

@: mildly poisoned (34 -> 34), non-regenerating
A: damage resistance, heal wounds, horns 1, talons 1, clumsy 1, sense
surroundings 1, no regeneration
a: Heal Wounds


You were on level 5 of the Dungeon.
You were not hungry.

You visited 2 branches of the dungeon, and saw 6 of its levels.

You collected 277 gold pieces.

Inventory:

Hand Weapons
 a - a +0 war axe (weapon)
Armour
 b - a +0 scale mail
 c - a +0 shield (worn)
 e - a +0 pair of gloves (worn)
 r - a +2 helmet
 s - a +1 chain mail (worn)
 z - a +0 cloak (worn)
Wands
 p - a wand of flame (26)
 y - a wand of random effects (12)
Scrolls
 k - 2 scrolls of fear
 m - a scroll of immolation
 n - 2 scrolls of identify
 o - a scroll of fog
 t - a scroll of remove curse
Potions
 d - a potion of flight {unknown}
 h - 2 potions of haste
 i - 4 potions of curing
 j - a potion of magic {unknown}
 l - a potion of agility {unknown}
 q - a potion of degeneration
 u - a potion of ambrosia {unknown}
 v - 2 potions of brilliance {unknown}
 w - a potion of lignification {unknown}
 x - a potion of invisibility
Comestibles
 f - 9 rations
 g - a chunk of flesh


   Skills:
 - Level 2.6 Fighting
 - Level 6.1 Axes
 + Level 6.6 Armour
 - Level 4.9 Dodging
 - Level 3.2 Shields


You had 6 spell levels left.
You didn't know any spells.
Your spell library was empty.

Dungeon Overview and Level Annotations

Branches:
Dungeon (5/15)             Temple (1/1) D:5

Altars:
Ashenzari
Cheibriados
Dithmenos
Fedhas
Gozag
Hepliaklqana
Kikubaaqudgha
Okawaru
Qazlal
Ru
Sif Muna
Trog
Vehumet
Wu Jian
Xom
Yredelemnul

Shops:
D:5 %


Innate Abilities, Weirdness & Mutations

You are resistant to damage.
You can heal yourself by infusing magical energy.
You passively map a small area around you.
You do not regenerate.
You have a pair of small horns on your head.
You have sharp toenails.
You are clumsy. (Dex -2)


Message History

The bush is lightly damaged.
You hit the plant but do no damage. You hit the plant. You slash the plant!
You hit the plant but do no damage. You hit the bush but do no damage.
The bush is lightly damaged.
You hit the plant but do no damage. You hit the plant. You slash the plant!
You hit the plant but do no damage. You hit the bush but do no damage.
You claw the bush, but do no damage.
You headbutt the bush, but do no damage.
The bush is lightly damaged.
You hit the plant but do no damage. x2; You slash the plant!
You hit the plant but do no damage. You hit the plant.
You claw the plant, but do no damage.
The plant is heavily damaged.
You hit the bush but do no damage. You hit the plant.
You hit the plant but do no damage. x2
Are you sure you want to abandon this character and quit the game? (Confirm
Okay, then.
Unknown command.
Are you sure you want to abandon this character and quit the game? (Confirm

###.....## ..#....
####........###.......
##......................
........#............#..
##...................... ,
##.....#..............
#......#........P..# ,
##...........P†P...## ,
####........P.@P...#
##..........PPP...... ,
#......###....?P.....
##....## ###........# ,
###.#...#* ..........,
##...#.....###..........#
##............#..........# .
#.................)........
,##
............................
..


There were no monsters in sight!

Vanquished Creatures
  Eustachio (D:4)
  A sky beast (D:5)
  2 scorpions
  2 crimson imps (D:5)
  A bullfrog zombie (D:5)
  An orc priest (D:4)
  Jessica (D:2)
  Terence (D:3)
  3 orc wizards (D:3)
  2 worker ants
  Robin (D:4)
  5 adders
  2 oozes
  4 worms
  3 dart slugs
  4 leopard geckos
  18 orcs
  2 ball pythons
  4 giant cockroaches
  20 goblins
  12 hobgoblins
  3 jackals (D:1)
  3 quokkas
  8 bats
  3 frilled lizards
  9 kobolds
  8 rats
124 creatures vanquished.

Notes
Turn   | Place    | Note
-------+----------+-------------------------------------------
     0 | D:1      | AverageBear the Deep Dwarf Fighter began the quest for the
                  | Orb.
     0 | D:1      | Reached XP level 1. HP: 20/20 MP: 1/1
    69 | D:1      | Reached XP level 2. HP: 22/27 MP: 2/2
   279 | D:1      | Reached XP level 3. HP: 26/33 MP: 3/3
   620 | D:2      | Noticed Jessica
   625 | D:2      | Killed Jessica
   822 | D:2      | Reached XP level 4. HP: 31/40 MP: 4/4
   846 | D:2      | Reached skill level 5 in Axes
  1249 | D:2      | Found a blossoming altar of Fedhas.
  1252 | D:2      | Found a radiant altar of Vehumet.
  1253 | D:2      | Found a shimmering altar of Xom.
  1522 | D:3      | Reached XP level 5. HP: 45/46 MP: 5/5
  1697 | D:3      | Reached skill level 1 in Dodging
  1746 | D:3      | Reached XP level 6. HP: 36/55 MP: 6/6
  1833 | D:3      | Noticed Terence
  1853 | D:3      | Killed Terence
  2056 | D:4      | Noticed Robin
  2075 | D:4      | Killed Robin
  2444 | D:4      | Noticed Eustachio
  2487 | D:4      | Gained mutation: You have sharp toenails. [potion of
                  | mutation]
  2487 | D:4      | Gained mutation: You are clumsy. (Dex -2) [potion of
                  | mutation]
  2487 | D:4      | Gained mutation: You have a pair of small horns on your
                  | head. [potion of mutation]
  2527 | D:4      | Killed Eustachio
  2527 | D:4      | Reached XP level 7. HP: 34/61 MP: 5/5
  2651 | D:5      | Entered Level 5 of the Dungeon
  2684 | D:5      | Reached skill level 5 in Armour
  2864 | D:5      | Found Gopsis's Food Boutique.
  2933 | D:5      | Found a staircase to the Ecumenical Temple.
  2943 | Temple   | Entered the Ecumenical Temple
  3020 | D:5      | Quit the game

Vault maps used:
D:1:      ncdulo_smallfort
D:2:      nicolae_overflow_hidden_temple, uniq_jessica
D:3:      minmay_mini_jars, uniq_terence
D:4:      first_ration, uniq_eustachio, uniq_robin
D:5:      minmay_temple_entry_overgrown, serial_shops, nicolae_shop_crystal
Temple:   cyrus_circular_temple

Skill      XL: |  1  2  3  4  5  6  7 |
---------------+----------------------+-----
Axes           | 3 4 5 6 |  6.1
Dodging        | 3 4 |  4.9
Armour         | 4 6 |  6.6
Fighting       | |  2.6
Shields        | |  3.2

Action                   |  1- 3 |  4- 6 |  7- 9 || total
-------------------------+-------+-------+-------++-------
Melee: War axe           |   104 |   285 |    66 ||   455
       Headbutt          |       |     6 |    18 ||    24
       Kick              |       |     6 |    15 ||    21
 Abil: Heal Wounds       |     1 |     4 |       ||     5
  Use: Scroll            |     2 |     4 |     1 ||     7
       Potion            |       |     6 |     1 ||     7
 Stab: Invisible         |       |     2 |       ||     2
  Eat: Chunk             |       |     6 |     2 ||     8
Armor: Scale mail        |    52 |    51 |       ||   103
       Chain mail        |       |   129 |    28 ||   157
Dodge: Dodged            |    29 |   125 |    15 ||   169
Block: Shield            |    71 |   211 |    18 ||   300

Table legend:
 A = Non-vault XP
 B = Vault XP
 C = Vault XP percentage of total XP
 D = Non-vault monster count
 E = Vault monster count
 F = Vault count percentage of total count
                 A         B        C        D         E       F
            +---------+---------+-------+---------+---------+-------
      Total |     894 |     339 |  27.5 |     100 |      24 |  19.4
            +---------+---------+-------+---------+---------+-------
        D:1 |      51 |       0 |   0.0 |      27 |       0 |   0.0
        D:2 |      90 |      37 |  29.1 |      20 |       1 |   4.8
        D:3 |     246 |      59 |  19.3 |      29 |      11 |  27.5
        D:4 |     114 |     243 |  68.1 |      15 |      12 |  44.4
        D:5 |     393 |       0 |   0.0 |       9 |       0 |   0.0
            +---------+---------+-------+---------+---------+-------
